 Dungeon Crawl Stone Soup version 0.19-a0-1670-gc28a5d9 (webtiles) character file.

68 rgaf the Bolt Thrower (level 4, 0/38 HPs)
             Began as a Minotaur Hunter on Sept 21, 2016.
             Slain by an adder (3 damage)
             ... on level 2 of the Dungeon.
             The game lasted 00:01:52 (931 turns).

rgaf the Bolt Thrower (Minotaur Hunter)              Turns: 931, Time: 00:01:53

Health: 0/38       AC:  3    Str: 17    XL:     4   Next: 1%
Magic:  3/3        EV: 12    Int:  9    God:
Gold:   49         SH:  0    Dex: 10    Spells: 0 memorised, 3 levels left

rFire  . . .     SeeInvis .     a - +1 hand crossbow
rCold  . . .     Gourm    .     c - +0 leather armour
rNeg   . . .     Faith    .     (no shield)
rPois  .         Spirit   .     (helmet restricted)
rElec  .         Dismiss  .     (no cloak)
rCorr  .         Reflect  .     (no gloves)
MR     .....     Harm     .     (no boots)
Stlth  +.........               (no amulet)
                                (no ring)
                                (no ring)

@: lethally poisoned (0 -> -2)
A: retaliatory headbutt, horns 2
a: no special abilities


You were on level 2 of the Dungeon.
You were not hungry.

You visited 1 branch of the dungeon, and saw 2 of its levels.

You collected 49 gold pieces.

Inventory:

Hand Weapons
 a - a +1 hand crossbow (weapon)
 b - a +0 short sword
Missiles
 d - 9 bolts (quivered)
Armour
 c - a +0 leather armour (worn)
Jewellery
 i - an uncursed ring of flight {unknown}
Scrolls
 e - a scroll of identify {unknown}
 g - a scroll of noise {unknown}
 h - a scroll of blinking {unknown}
 l - 3 scrolls of random uselessness {unknown}
 m - a scroll of fear {unknown}
Potions
 j - a potion of heal wounds {unknown}
 k - a potion of cure mutation {unknown}
 o - a potion of brilliance {unknown}
Comestibles
 f - a bread ration
 n - a meat ration


   Skills:
 + Level 3.5 Fighting
 * Level 5.6 Crossbows
 - Level 2.1 Dodging
 - Level 0.7 Stealth


You had 3 spell levels left.
You didn't know any spells.

Dungeon Overview and Level Annotations

Branches:
Dungeon (2/15)

Altars:


Innate Abilities, Weirdness & Mutations

You reflexively headbutt those who attack you in melee.
You have a pair of horns on your head.


Message History

You shoot a bolt. The bolt closely misses the adder.
The adder misses you. The adder bites you.
* * * LOW HITPOINT WARNING * * *
Firing (i - inventory):
d - 12 bolts (quivered)
Press: ? - help, Shift-Dir - straight line, f/p - adder
Aim: an adder (almost dead)
You shoot a bolt. The bolt barely misses the adder.
The adder misses you.
Firing (i - inventory):
d - 11 bolts (quivered)
Press: ? - help, Shift-Dir - straight line, f/p - adder
Aim: an adder (almost dead)
You shoot a bolt. The bolt closely misses the adder.
You feel sick. The adder bites you.
* * * LOW HITPOINT WARNING * * *
The adder bites you.
* * * LOW HITPOINT WARNING * * *
Firing (i - inventory):
d - 10 bolts (quivered)
Press: ? - help, Shift-Dir - straight line, f/p - adder
Aim: an adder (almost dead)
You shoot a bolt. The bolt barely misses the adder.
The adder bites you.
You die...

..#.##.#.##.# ....##
.......#.##.# ..(..#
.##.#....##.# ....#
.##.#.#..##.# ....# ..
.##.....>##.####...#....
.##.#.##..........<.....
###.#. ####.##.#.#.....
# #. #.##.#S# .#. #.
#.##.#@# #.##.#(#
........ .....#.#.
.......#.# ...### # ...
#..


You could see an adder.

Vanquished Creatures
  2 adders
  2 worms
  4 dart slugs
  A leopard gecko (D:1)
  7 goblins
  A hobgoblin (D:1)
  2 jackals (D:1)
  A quokka (D:2)
  5 bats
  4 frilled lizards
  6 kobolds
  2 rats
37 creatures vanquished.

Notes
Turn   | Place    | Note
-------+----------+-------------------------------------------
     0 | D:1      | rgaf the Minotaur Hunter began the quest for the Orb.
     0 | D:1      | Reached XP level 1. HP: 18/18 MP: 0/0
    88 | D:1      | Reached XP level 2. HP: 22/25 MP: 1/1
   281 | D:1      | Reached skill level 5 in Crossbows
   414 | D:1      | Reached XP level 3. HP: 28/31 MP: 2/2
   924 | D:2      | Reached XP level 4. HP: 13/38 MP: 3/3
   931 | D:2      | Slain by an adder

Vault maps used:
D:1:      dpeg_arrival_three_smaller_balls
D:2:      kennysheep_slug_shrine, first_bread

Skill      XL: |  1  2 |
---------------+-------+-----
Fighting       | 3 |  3.5
Crossbows      | 5 |  5.6
Dodging        | |  2.1
Stealth        | |  0.7

Action                   |  1- 3 |  4- 6 || total
-------------------------+-------+-------++-------
Melee: Short sword       |    85 |       ||    85
       Headbutt          |     9 |       ||     9
 Fire: Hand crossbow     |    11 |     7 ||    18
 Stab: Distracted        |     1 |       ||     1
Armor: Leather armour    |    21 |       ||    21
Dodge: Dodged            |    56 |     7 ||    63
